APL (24 & UNDER)
EL PASO TEXANS @ SCOTTSDALE SCORPIONS
06/16/2030
 
TOP OF THE 1ST
El Paso Texans batting - Pitching for Scottsdale Scorpions : RHP Pablo Martínez
Pitching: RHP Pablo Martínez
Batting: LHB Mark Spencer 0-0: Ball
1-0: Ground out 6-3 (Groundball, 6MD)
Batting: RHB Cole Boehmer 0-0: Ball
1-0: Ball
2-0: Called Strike
2-1: Called Strike
2-2: Foul Ball, location: 2F
2-2: Foul Ball, location: 2F
2-2: Ball
3-2: Foul Ball, location: 2F
3-2: Base on Balls
Batting: SHB Richie Gallegos 0-0: Ball
1-0: Foul Ball, location: 2F
1-1: Ground out 4-3 (Groundball, 34D)
Cole Boehmer to second
Batting: RHB Domingo Morales 0-0: Ball
1-0: Ball
2-0: SINGLE (Line Drive, 56D)
Cole Boehmer to third
Runner from 3rd tries for Home, SAFE, no throw
Batting: SHB António Cervantes 0-0: Ball
1-0: Ball
2-0: Ball
3-0: Base on Balls
Domingo Morales to second
Batting: SHB Oliver Riley 0-0: Ball
1-0: Ball
2-0: Ball
3-0: Called Strike
3-1: Called Strike
3-2: Foul Ball, location: 2F
3-2: SINGLE (Flyball, 9S)
Domingo Morales to third
António Cervantes to second
Domingo Morales scores
António Cervantes to third
Batting: LHB John Fitzgerald 0-0: Ball
1-0: Foul Ball, location: 2F
1-1: Ball
2-1: Ball
3-1: Base on Balls
Oliver Riley to second
Batting: LHB Dave Tucker 0-0: Ball
1-0: Ball
2-0: Ball
3-0: Called Strike
3-1: Base on Balls
António Cervantes scores
Oliver Riley to third
John Fitzgerald to second
Batting: SHB Miguel Hurtado 0-0: Reached on error, E6 (Groundball, 6)
Oliver Riley scores
John Fitzgerald to third
Dave Tucker to second
Batting: LHB Mark Spencer 0-0: Called Strike
0-1: Ball
1-1: SINGLE (Groundball, 5L) (infield hit)
John Fitzgerald scores
Dave Tucker to third
Miguel Hurtado to second
Batting: RHB Cole Boehmer 0-0: Called Strike
0-1: Ball
1-1: Ground out 6-3 (Groundball, 56)
Top of the 1st over - 5 runs, 3 hits, 1 error, 3 left on base; El Paso 5 - Scottsdale 0
BOTTOM OF THE 1ST
Scottsdale Scorpions batting - Pitching for El Paso Texans : RHP Derek Baker
Pitching: RHP Derek Baker
Batting: LHB Ernesto Hernández 0-0: Swinging Strike
0-1: Ball
1-1: Called Strike
1-2: Strikes out looking
Batting: RHB José Martínez 0-0: Called Strike
0-1: SINGLE (Flyball, 7LM)
Batting: LHB Shawn Brown 0-0: Ball
José Martínez steals 2nd base
1-0: Ball
2-0: Called Strike
2-1: Ball
3-1: Base on Balls
Batting: LHB Tony Ayala Pickoff Throw to Second - Error! E1
José Martínez to third
Shawn Brown to second
0-0: Called Strike
0-1: Ball
1-1: DOUBLE (Line Drive, 7LM)
José Martínez scores
Shawn Brown scores
Batting: RHB Steve Boyer 0-0: Ball
1-0: Foul Ball, location: 2F
1-1: Ball
2-1: Ball
Wild Pitch!
Tony Ayala to third
3-1: Swinging Strike
3-2: Foul Ball, location: 2F
3-2: Base on Balls
Batting: RHB Phil Rowlett 0-0: Ball
1-0: Called Strike
1-1: Ball
2-1: Ball
3-1: Foul Ball, location: 2F
3-2: Foul Ball, location: 2F
3-2: Base on Balls
Steve Boyer to second
Batting: RHB Rob Johnston 0-0: Foul Ball, location: 2F
0-1: Swinging Strike
0-2: Ball
1-2: Strikes out swinging
Batting: LHB Ángel De Jesús 0-0: Called Strike
0-1: Fly out, F8 (Flyball, 8LM)
Bottom of the 1st over - 2 runs, 2 hits, 1 error, 3 left on base; El Paso 5 - Scottsdale 2
TOP OF THE 2ND
El Paso Texans batting - Pitching for Scottsdale Scorpions : RHP Pablo Martínez
Batting: SHB Richie Gallegos 0-0: Ground out 4-3 (Groundball, 34)
Batting: RHB Domingo Morales 0-0: Ball
1-0: Called Strike
1-1: Ball
2-1: Ball
3-1: Called Strike
3-2: Base on Balls
Batting: SHB António Cervantes 0-0: Ball
1-0: Called Strike
1-1: Foul Ball, location: 2F
1-2: Ball
2-2: Strikes out swinging
Domingo Morales steals 2nd base
Batter strikes out.
Batting: SHB Oliver Riley 0-0: Called Strike
0-1: Ball
1-1: Foul Ball, location: 2F
1-2: Ball
2-2: Ball
3-2: Base on Balls
Batting: LHB John Fitzgerald 0-0: Fielders Choice at 2nd, 6-4 (Groundball, 6)
Top of the 2nd over - 0 runs, 0 hits, 0 errors, 2 left on base; El Paso 5 - Scottsdale 2
BOTTOM OF THE 2ND
Scottsdale Scorpions batting - Pitching for El Paso Texans : RHP Derek Baker
Batting: RHB Robinson Fernández 0-0: Foul Ball, location: 2F
0-1: Foul Ball, location: 2F
0-2: Strikes out swinging
Batting: LHB Ernesto Hernández 0-0: Called Strike
0-1: Ball
1-1: Foul Ball, location: 2F
1-2: Foul Ball, location: 2F
1-2: Ball
2-2: Ball
3-2: Base on Balls
Batting: RHB José Martínez 0-0: Called Strike
0-1: Ball
Ernesto Hernández is caught stealing 2nd base
1-1: Swinging Strike
1-2: Strikes out swinging
Bottom of the 2nd over - 0 runs, 0 hits, 0 errors, 0 left on base; El Paso 5 - Scottsdale 2
TOP OF THE 3RD
El Paso Texans batting - Pitching for Scottsdale Scorpions : RHP Pablo Martínez
Batting: LHB Dave Tucker 0-0: Ball
1-0: Fly out, F2 (Popup, 2LF)
Batting: SHB Miguel Hurtado 0-0: Ball
1-0: Ball
2-0: Ball
3-0: Called Strike
3-1: Called Strike
3-2: Foul Ball, location: 2F
3-2: Base on Balls
Batting: LHB Mark Spencer 0-0: Called Strike
0-1: Called Strike
0-2: Fly out, F7 (Line Drive, 78M)
Pitching: RHP José Amaya
Batting: RHB Cole Boehmer 0-0: Called Strike
0-1: Foul Ball, location: 2F
0-2: Ball
Wild Pitch!
Miguel Hurtado to second
1-2: Ball
2-2: Ball
3-2: SINGLE (Groundball, 56D)
Miguel Hurtado to third
Miguel Hurtado scores
Batting: SHB Richie Gallegos 0-0: Ball
1-0: Ball
2-0: DOUBLE (Flyball, 89XD)
Cole Boehmer to third
Runner from 3rd tries for Home, SAFE, no throw
Batting: RHB Domingo Morales 0-0: Foul Ball, location: 2F
0-1: Swinging Strike
0-2: Strikes out swinging
Top of the 3rd over - 2 runs, 2 hits, 0 errors, 1 left on base; El Paso 7 - Scottsdale 2
BOTTOM OF THE 3RD
Scottsdale Scorpions batting - Pitching for El Paso Texans : RHP Derek Baker
Batting: LHB Shawn Brown 0-0: Ball
1-0: Ground out 4-3 (Groundball, 4S)
Batting: LHB Tony Ayala 0-0: Called Strike
0-1: Ball
1-1: Swinging Strike
1-2: Fly out, F5 (Popup, 56S)
Batting: RHB Steve Boyer 0-0: Ball
1-0: Ball
2-0: Called Strike
2-1: SINGLE (Line Drive, 5)
Batting: RHB Phil Rowlett 0-0: Foul Ball, location: 2F
0-1: Ball
1-1: Ball
2-1: Fielders Choice at 2nd, 5-4 (Groundball, 56)
Bottom of the 3rd over - 0 runs, 1 hit, 0 errors, 1 left on base; El Paso 7 - Scottsdale 2
TOP OF THE 4TH
El Paso Texans batting - Pitching for Scottsdale Scorpions : RHP José Amaya
Batting: SHB António Cervantes 0-0: Called Strike
0-1: Called Strike
0-2: Ball
1-2: Strikes out swinging
Batting: SHB Oliver Riley 0-0: Foul Ball, location: 2F
0-1: Ball
1-1: Ball
2-1: Ball
3-1: SINGLE (Line Drive, 34)
Batting: LHB John Fitzgerald 0-0: Ball
1-0: Ball
2-0: Called Strike
2-1: Ball
3-1: Fly out, F7 (Flyball, 7)
Batting: LHB Dave Tucker 0-0: Called Strike
0-1: Swinging Strike
0-2: Ball
Oliver Riley steals 2nd base
1-2: Ball
2-2: Foul Ball, location: 2F
2-2: Strikes out swinging, 2-3 out at first.
Top of the 4th over - 0 runs, 1 hit, 0 errors, 1 left on base; El Paso 7 - Scottsdale 2
BOTTOM OF THE 4TH
Scottsdale Scorpions batting - Pitching for El Paso Texans : RHP Derek Baker
Batting: RHB Rob Johnston 0-0: Ball
1-0: Swinging Strike
1-1: Foul Ball, location: 2F
1-2: Strikes out looking
Batting: LHB Ángel De Jesús 0-0: Ball
1-0: Called Strike
1-1: Fly out, F8 (Line Drive, 8RM)
Batting: RHB Robinson Fernández 0-0: Fly out, F9 (Line Drive, 9)
Bottom of the 4th over - 0 runs, 0 hits, 0 errors, 0 left on base; El Paso 7 - Scottsdale 2
TOP OF THE 5TH
El Paso Texans batting - Pitching for Scottsdale Scorpions : RHP José Amaya
Batting: SHB Miguel Hurtado 0-0: Ball
1-0: Called Strike
1-1: Foul Ball, location: 2F
1-2: SINGLE (Line Drive, 34D)
Batting: LHB Mark Spencer 0-0: Ball
1-0: Called Strike
1-1: Foul Ball, location: 2F
1-2: Strikes out swinging
Batting: RHB Cole Boehmer 0-0: Called Strike
0-1: Swinging Strike
0-2: Ball
1-2: Ball
2-2: Foul Ball, location: 2F
2-2: Ball
3-2: Foul Ball, location: 2F
3-2: Strikes out swinging
Batting: SHB Richie Gallegos 0-0: Called Strike
0-1: Ball
1-1: Swinging Strike
1-2: Strikes out swinging
Top of the 5th over - 0 runs, 1 hit, 0 errors, 1 left on base; El Paso 7 - Scottsdale 2
BOTTOM OF THE 5TH
Scottsdale Scorpions batting - Pitching for El Paso Texans : RHP Derek Baker
Batting: LHB Ernesto Hernández 0-0: Ball
1-0: Ball
2-0: Ball
3-0: Base on Balls
Pitching: RHP Mike Church
Batting: RHB José Martínez 0-0: Called Strike
0-1: Called Strike
Ernesto Hernández steals 2nd base
0-2: Ball
1-2: Strikes out swinging
Batting: LHB Shawn Brown 0-0: Ball
1-0: Ball
2-0: Ball
3-0: Base on Balls
Batting: LHB Tony Ayala 0-0: Ball
1-0: Called Strike
Ernesto Hernández steals 3rd base
1-1: Ball
2-1: Swinging Strike
2-2: Foul Ball, location: 2F
2-2: Ball
3-2: Base on Balls
Shawn Brown to second
Batting: RHB Steve Boyer 0-0: Ball
1-0: Ball
2-0: Called Strike
2-1: Fly out, F6 (Line Drive, 6)
Batting: RHB Phil Rowlett 0-0: Called Strike
0-1: Ball
1-1: Fly out, F3 (Popup, 3SF)
Bottom of the 5th over - 0 runs, 0 hits, 0 errors, 3 left on base; El Paso 7 - Scottsdale 2
TOP OF THE 6TH
El Paso Texans batting - Pitching for Scottsdale Scorpions : RHP José Amaya
Batting: RHB Domingo Morales 0-0: Swinging Strike
0-1: Ball
1-1: Ball
2-1: Ground out 5-3 (Groundball, 56)
Pitching: RHP José Alvarado
Batting: SHB António Cervantes 0-0: Called Strike
0-1: Ball
1-1: Foul Ball, location: 2F
1-2: Foul Ball, location: 2F
1-2: Ball
2-2: SINGLE (Popup, 34D)
Batting: SHB Oliver Riley 0-0: Ball
1-0: Ball
2-0: Foul Ball, location: 2F
2-1: Ball
3-1: Called Strike
3-2: Base on Balls
António Cervantes to second
Batting: LHB John Fitzgerald 0-0: Called Strike
0-1: SINGLE (Groundball, 34D)
António Cervantes to third
Oliver Riley to second
Batting: LHB Dave Tucker 0-0: Ball
1-0: Foul Ball, location: 2F
1-1: Foul Ball, location: 2F
1-2: SINGLE (Groundball, 4D)
António Cervantes scores
Oliver Riley to third
John Fitzgerald to second
Runner from 3rd tries for Home, throw and OUT!
John Fitzgerald to third
Dave Tucker to second
Batting: SHB Miguel Hurtado 0-0: Called Strike
0-1: Foul Ball, location: 2F
0-2: Foul Ball, location: 2F
0-2: Ball
1-2: Ball
2-2: Foul Ball, location: 2F
2-2: Strikes out swinging
Top of the 6th over - 1 run, 3 hits, 0 errors, 2 left on base; El Paso 8 - Scottsdale 2
BOTTOM OF THE 6TH
Scottsdale Scorpions batting - Pitching for El Paso Texans : RHP Mike Church
Batting: RHB Rob Johnston 0-0: Ball
1-0: Ball
2-0: Foul Ball, location: 2F
2-1: Fly out, F9 (Flyball, 9S)
Batting: LHB Ángel De Jesús 0-0: Called Strike
0-1: Ball
1-1: Ground out 5-3 (Groundball, 5)
Batting: RHB Robinson Fernández 0-0: Ball
1-0: Swinging Strike
1-1: Ball
2-1: Fly out, F9 (Flyball, 9D)
Bottom of the 6th over - 0 runs, 0 hits, 0 errors, 0 left on base; El Paso 8 - Scottsdale 2
TOP OF THE 7TH
El Paso Texans batting - Pitching for Scottsdale Scorpions : RHP José Alvarado
Batting: LHB Mark Spencer 0-0: Ball
1-0: Swinging Strike
1-1: Fly out, F5 (Popup, 5F)
Batting: RHB Cole Boehmer 0-0: Swinging Strike
0-1: Swinging Strike
0-2: Ball
1-2: Ball
2-2: Ball
3-2: Fly out, F8 (Flyball, 8LD)
Batting: SHB Richie Gallegos 0-0: Ball
1-0: Swinging Strike
1-1: Ball
2-1: Called Strike
2-2: Strikes out swinging
Top of the 7th over - 0 runs, 0 hits, 0 errors, 0 left on base; El Paso 8 - Scottsdale 2
BOTTOM OF THE 7TH
Scottsdale Scorpions batting - Pitching for El Paso Texans : RHP Mike Church
Batting: LHB Ernesto Hernández 0-0: Called Strike
0-1: Ball
1-1: Fly out, F7 (Flyball, 78D)
Batting: RHB José Martínez 0-0: Ball
1-0: Ground out 5-3 (Groundball, 56)
Batting: LHB Shawn Brown 0-0: Foul Ball, location: 2F
0-1: Called Strike
0-2: Foul Ball, location: 2F
0-2: Fly out, F4 (Popup, 4M)
Bottom of the 7th over - 0 runs, 0 hits, 0 errors, 0 left on base; El Paso 8 - Scottsdale 2
TOP OF THE 8TH
El Paso Texans batting - Pitching for Scottsdale Scorpions : RHP José Alvarado
Batting: RHB Domingo Morales 0-0: Ball
1-0: Ball
2-0: Foul Ball, location: 2F
2-1: Foul Ball, location: 2F
2-2: Strikes out looking
Batting: SHB António Cervantes 0-0: Called Strike
0-1: Swinging Strike
0-2: Foul Ball, location: 2F
0-2: Strikes out swinging
Batting: SHB Oliver Riley 0-0: Called Strike
0-1: Ball
1-1: SINGLE (Flyball, 8RS)
Batting: LHB John Fitzgerald 0-0: Called Strike
0-1: Fly out, F8 (Line Drive, 8LD)
Top of the 8th over - 0 runs, 1 hit, 0 errors, 1 left on base; El Paso 8 - Scottsdale 2
BOTTOM OF THE 8TH
Scottsdale Scorpions batting - Pitching for El Paso Texans : RHP Mike Church
Pitching: RHP Stan Roberts
Batting: LHB Tony Ayala 0-0: Called Strike
0-1: Foul Ball, location: 2F
0-2: Strikes out swinging
Batting: RHB Steve Boyer 0-0: Swinging Strike
0-1: Called Strike
0-2: Foul Ball, location: 2F
0-2: Strikes out swinging
Batting: RHB Phil Rowlett 0-0: Ground out 6-3 (Groundball, 6)
Bottom of the 8th over - 0 runs, 0 hits, 0 errors, 0 left on base; El Paso 8 - Scottsdale 2
TOP OF THE 9TH
El Paso Texans batting - Pitching for Scottsdale Scorpions : RHP José Alvarado
Pitching: RHP John Robinson
Batting: LHB Dave Tucker 0-0: Ball
1-0: Called Strike
1-1: Foul Ball, location: 2F
1-2: Ball
2-2: Strikes out swinging
Batting: SHB Miguel Hurtado 0-0: Foul Ball, location: 2F
0-1: Called Strike
0-2: Ball
1-2: SINGLE (Groundball, 34D)
Batting: LHB Mark Spencer 0-0: Ball
1-0: SINGLE (Groundball, 6MD)
Miguel Hurtado to second
Runner from 2nd tries for 3rd, SAFE, no throw
Batting: RHB Cole Boehmer 0-0: Ball
Mark Spencer steals 2nd base
1-0: Ground out 6-3 (Groundball, 6)
Miguel Hurtado scores
Batting: SHB Richie Gallegos 0-0: Ball
1-0: Foul Ball, location: 2F
1-1: Foul Ball, location: 2F
1-2: Strikes out swinging
Top of the 9th over - 1 run, 2 hits, 0 errors, 1 left on base; El Paso 9 - Scottsdale 2
BOTTOM OF THE 9TH
Scottsdale Scorpions batting - Pitching for El Paso Texans : RHP Stan Roberts
Batting: RHB Rob Johnston 0-0: Called Strike
0-1: Ball
1-1: Swinging Strike
1-2: Fly out, F9 (Flyball, 9)
Batting: LHB Ángel De Jesús 0-0: Swinging Strike
0-1: Called Strike
0-2: Ball
1-2: Strikes out looking
Batting: RHB Robinson Fernández 0-0: Swinging Strike
0-1: Ball
1-1: Foul Ball, location: 2F
1-2: Ball
2-2: Foul Ball, location: 2F
2-2: Ball
3-2: Foul Ball, location: 2F
3-2: Ground out U3 (Groundball, 3S)
Bottom of the 9th over - 0 runs, 0 hits, 0 errors, 0 left on base; El Paso 9 - Scottsdale 2
Saturday, April 7th, 2018 - OOTP Baseball 18.8 Build 76